 Dungeon Crawl Stone Soup version 0.30-a0-1093-gcfb1e0cf12 (webtiles) character file.

Game seed: 10755743984662907150

182 Conn the Firebug (level 5, -1/31 HPs)
             Began as an Octopode Fire Elementalist on Apr 17, 2023.
             Killed by an exploding hound zombie (31 damage)
             ... ignited by their inner flame
             ... in an ossuary.
             The game lasted 00:07:07 (3330 turns).

Conn the Firebug (Octopode Fire Elementalist)       Turns: 3330, Time: 00:07:07

Health: -1/31      AC:  1    Str:  7    XL:     5   Next: 62%
Magic:  8/9        EV: 13    Int: 20    God:
Gold:   90         SH:  0    Dex: 12    Spells: 4/10 levels left

rFire   . . .      SeeInvis +    a - +0 short sword
rCold   . . .      Faith    .    (no shield)
rNeg    . . .      Spirit   .    (helmet restricted)
rPois   .          Reflect  .    (no amulet)
rElec   .          Rampage  .    n - ring of see invisible
rCorr   .                        (no ring)
Will    .....                    (no ring)
Stlth   +++                      (no ring)
HPRegen 0.25/turn                (no ring)
MPRegen 0.11/turn                (no ring)
                                 (no ring)
                                 (no ring)

@: no status effects
A: almost no armour, amphibious, 8 rings, camouflage 1, gelatinous body 1,
(nimble swimmer 1), tentacles
a: no special abilities


You were in an ossuary.
You visited 1 branch of the dungeon, and saw 4 of its levels.
You also visited: Ossuary.

You collected 90 gold pieces.

Inventory:

Hand Weapons
 a - a +0 short sword (weapon)
 b - a +0 longbow
Missiles
 e - 5 poisoned darts
Armour
 k - a +0 kite shield
Jewellery
 n - a ring of see invisible (left tentacle)
Scrolls
 f - 6 scrolls of identify
 g - a scroll of teleportation {unknown}
 h - a scroll of amnesia {unknown}
 m - a scroll of vulnerability {unknown}
 o - a scroll of enchant armour {unknown}
Potions
 c - a potion of haste
 i - a potion of cancellation {unknown}
 j - a potion of magic
 l - 2 potions of brilliance {unknown}
 p - a potion of curing {unknown}


   Skills:
 + Level 0.4 Short Blades
 + Level 2.4 Dodging
 + Level 3.5 Stealth
 + Level 3.0 Spellcasting
 + Level 1.8 Conjurations
 + Level 0.1 Hexes
 + Level 4.5 Fire Magic


You had 4 spell levels left.
You knew the following spells:

 Your Spells              Type           Power      Damage    Failure   Level
a - Foxfire               Conj/Fire      64%        2x1d7     3%          1
c - Inner Flame           Hex/Fire       12%        N/A       16%         3
e - Scorch                Fire           42%        2d6       3%          2

Your spell library contained the following spells:

 Spells                   Type           Power      Damage    Failure   Level
 Beastly Appendage        Tmut           6%         N/A       14%         1
 Volatile Blastmotes      Fire/Tloc      24%        2d12      17%         3
 Lesser Beckoning         Tloc           6%         N/A       22%         2
 Wereblood                Tmut           3%         N/A       22%         2
 Flame Wave               Conj/Fire      16%        2d7       36%         4
 Gell's Gravitas          Tloc           3%         N/A       38%         3
 Spider Form              Tmut/Pois      3%         N/A       38%         3
 Teleport Other           Tloc           3%         N/A       38%         3


Dungeon Overview and Level Annotations

Branches:
Dungeon (4/15)            Ossuary (1/1)
 Temple: D:4-7

Altars:


Innate Abilities, Weirdness & Mutations

You cannot wear most types of armour.
You are amphibious.
You can wear up to eight rings at the same time.
Your skin changes colour to match your surroundings (Stealth+).
Your rubbery body absorbs attacks. (AC +1, EV +1)
((You are camouflaged when in or above water. (Stealth+)))
You have tentacles for arms and can constrict up to eight enemies at once.


Message History

Unknown command.
Unknown command.
Unknown command.
As you read the scroll labelled GUCIQA MEURETI, it crumbles to dust.
It is a scroll of identify.
c - a potion of haste A mummy comes into view.
Found a scroll labelled TARHUO IFUULUD and a scroll of identify.
Found a gate leading back out of this place.
The hound zombie barely misses you.
The hound zombie attacks as you move away!
The hound zombie misses you.
Casting: Foxfire (safe; 3% risk of failure)
Confirm with . or Enter, or press ? or * to list all spells.
Okay, then.
Unknown command.
As you read the scroll labelled FAWYFAYLESM, it crumbles to dust.
The creatures around you are filled with an inner flame!
It was a scroll of immolation.
The hound zombie bites you.
Casting: Foxfire (safe; 3% risk of failure)
Confirm with . or Enter, or press ? or * to list all spells.
You conjure some foxfire!
The hound zombie misses you.
The hound zombie attacks as you move away!
The hound zombie closely misses you.
The foxfire hits the hobgoblin zombie.
Flame seeps out of the hobgoblin zombie.
The hobgoblin zombie is moderately damaged.
The foxfire hits the hobgoblin zombie!
Flame seeps out of the hobgoblin zombie.
The hobgoblin zombie is almost destroyed.
The hobgoblin zombie is engulfed in blazing flames.
The hobgoblin zombie explodes!
The fiery explosion engulfs the adder zombie!!!
The fiery explosion engulfs the hound zombie!!
The fiery explosion engulfs the jackal zombie!!!
The jackal zombie explodes!
You feel a bit more experienced.
The hound zombie explodes!
The fiery explosion engulfs you!!
Ouch! That really hurt!
You die...

#...................
..........Z.........
........Z...........
..##..........Z....
...##....Z..Z.......
..........Z..........
.........§.Z........
##.......§§#####....
?+......M§○§@.......
?#.......§§§§∩......
####################


You could see a mummy (inner flame).

Vanquished Creatures
  A sleepcap (D:4)
  An iguana (D:4)
  Terence (D:2)
  A hound zombie (Ossuary)
  An adder (D:3)
  An adder zombie (Ossuary)
  2 dart slugs
  A worm (D:2)
  4 orcs (D:3)
  9 bats
  8 endoplasms
  8 giant cockroaches
  9 goblins
  7 hobgoblins
  3 jackals (D:3)
  4 quokkas
  4 ball pythons (D:1)
  6 frilled lizards
  A hobgoblin zombie (Ossuary)
  A jackal zombie (Ossuary)
  7 kobolds
  An orc zombie (Ossuary)
  6 rats
87 creatures vanquished.

Vanquished Creatures (others)
  A frilled lizard (D:1)
  174 foxfires
  A plant (D:1)
176 creatures vanquished.

Grand Total: 263 creatures vanquished

Notes
Turn   | Place    | Note
-------+----------+-------------------------------------------
     0 | D:1      | Conn the Octopode Fire Elementalist began the quest for the
                  | Orb.
     0 | D:1      | Reached XP level 1. HP: 11/11 MP: 3/3
    46 | D:1      | Reached XP level 2. HP: 17/17 MP: 0/5
   182 | D:1      | Learned a level 2 spell: Scorch
   443 | D:1      | Reached XP level 3. HP: 21/21 MP: 1/6
   447 | D:1      | Learned a level 3 spell: Inner Flame
  1100 | D:2      | Noticed Terence
  1525 | D:2      | Reached skill level 4 in Fire Magic
  1563 | D:2      | Killed Terence
  1564 | D:2      | Reached XP level 4. HP: 27/27 MP: 0/7
  2866 | D:3      | Reached XP level 5. HP: 12/31 MP: 0/9
  3312 | D:4      | Found a sand-covered staircase.
  3316 | Ossuary  | Entered an ossuary
  3330 | Ossuary  | Killed by an exploding hound zombie... ignited by their
                  | inner flame

Illustrated notes

Levels and vault maps discovered:
D:1:      tarquinn_simple_flora_water_f, layout_rooms, minmay_hedge_maze
D:2:      layout_basic, kennysheep_generic_room_7, uniq_terence
D:3:      layout_basic
D:4:      layout_loops_cross, trog_three_pillars_becter,
          cheibrodos_ashenzari_chains, minmay_temple_entry_fiery,
          enter_ossuary_5
Ossuary:  ossuary_minmay_tomb_2a

Skill      XL: |  1  2  3  4  5 |
---------------+----------------+-----
Stealth        | 3 |  3.5
Fire Magic     | 4 |  4.5
Spellcasting   | 3 |  3.0
Short Blades   | |  0.4
Dodging        | |  2.4
Conjurations   | |  1.8
Hexes          | |  0.1

Action                     |  1- 3 |  4- 6 || total
---------------------------+-------+-------++-------
  Melee: Unarmed           |     5 |       ||     5
         Constrict         |     8 |     6 ||    14
         Tentacles         |     4 |     6 ||    10
         Short sword       |    18 |    40 ||    58
         Punch             |       |     1 ||     1
   Cast: Foxfire           |    59 |    41 ||   100
         Scorch            |     4 |    13 ||    17
         Inner Flame       |     1 |     1 ||     2
    Use: Scroll            |       |     2 ||     2
   Stab: Sleeping          |     5 |     4 ||     9
 Armour: Skin              |     6 |     2 ||     8
  Dodge: Dodged            |    26 |    36 ||    62

Table legend: (Time is in decaauts)
 A = Elapsed time spent in this place.
 B = Non-inter-level travel time spent in this place.
 C = Inter-level travel time spent in this place.
 D = Time resting spent in this place.
 E = Time spent auto-exploring this place.
 F = Levels seen in this place.
 G = Mean time per level.
                   A        B        C        D        E       F      G
               +--------+--------+--------+--------+--------+-----+--------+
         Total |   3327 |   3303 |     24 |      0 |   2401 |   5 |  665.4 |
       Dungeon |   3313 |   3289 |     24 |      0 |   2401 |   4 |  828.2 |
       Ossuary |     13 |     13 |      0 |      0 |      0 |   1 |   13.0 |
               +--------+--------+--------+--------+--------+-----+--------+

Top non-repeatable levels by time:
     D:2: 1473 daAuts
     D:1: 829 daAuts
     D:3: 787 daAuts
     D:4: 222 daAuts
 Ossuary: 13 daAuts
